 Dungeon Crawl Stone Soup version 0.28-a0-1387-g3a22ab9bdc (webtiles) character file.

Game seed: 15599005717190251880

0 enile the Skirmisher (level 1, 0/19 HPs)
             Began as a Hill Orc Wanderer on Jan 2, 2022.
             Slain by a bat (1 damage)
             ... on level 1 of the Dungeon.
             The game lasted 00:00:32 (59 turns).

enile the Skirmisher (Hill Orc Wanderer)              Turns: 59, Time: 00:00:32

Health: 0/19       AC:  2    Str: 10    XL:     1   Next: 10%
Magic:  2/2        EV: 11    Int: 10    God:
Gold:   0          SH:  0    Dex: 16    Spells: 2/2 levels left

rFire   . . .      SeeInvis .   a - +3 hunting sling
rCold   . . .      Faith    .   (no shield)
rNeg    . . .      Spirit   .   d - +0 robe
rPois   .          Reflect  .   (no helmet)
rElec   .          Harm     .   (no cloak)
rCorr   .          Rampage  .   (no gloves)
Will    .....                   (no boots)
Stlth   +.........              (no amulet)
HPRegen 0.06/turn               (no ring)
MPRegen 0.08/turn               (no ring)

@: no status effects
A: no striking features
a: no special abilities


You were on level 1 of the Dungeon.
You visited 1 branch of the dungeon, and saw 1 of its levels.

Inventory:

Hand Weapons
 a - a +3 hunting sling (weapon)
 c - a +0 spear
Missiles
 b - 17 sling bullets (quivered ammo)
Armour
 d - a +0 robe (worn)


   Skills:
 - Level 3.6 Fighting
 - Level 3.2 Polearms
 - Level 2.6 Slings
 + Level 0.1 Dodging
 - Level 1.0 Spellcasting


You had 2 spell levels left.
You didn't know any spells.
Your spell library was empty.

Dungeon Overview and Level Annotations

Branches:
Dungeon (1/15)

Altars:


Message History

The bat hits you but does no damage. The rat bites you.
You barely miss the rat. The bat barely misses you. The rat bites you.
The rat closely misses you. The bat barely misses you.
You barely miss the rat. The bat hits you but does no damage.
The rat bites you but does no damage. The bat barely misses you.
You clumsily bash the rat but do no damage.
The bat misses you. The rat bites you. The bat misses you.
The rat barely misses you.
You clumsily bash the rat but do no damage.
The bat hits you but does no damage. The bat misses you.
The bat closely misses you. The rat bites you but does no damage.
The bat barely misses you.
You clumsily bash the rat but do no damage.
The bat closely misses you. The rat bites you but does no damage.
The rat barely misses you.
You clumsily bash the rat but do no damage.
The bat hits you but does no damage. The rat bites you.
* * * LOW HITPOINT WARNING * * *
You clumsily bash the rat but do no damage.
The bat closely misses you. The rat bites you but does no damage.
The bat misses you. The rat bites you but does no damage.
You clumsily bash the rat but do no damage.
The bat completely misses you. The bat hits you but does no damage.
The bat barely misses you. The rat barely misses you.
You clumsily bash the rat but do no damage.
The bat closely misses you. x2; The rat bites you.
* * * LOW HITPOINT WARNING * * *
The bat hits you but does no damage. The rat barely misses you.
You clumsily bash the rat but do no damage.
The bat hits you but does no damage. The rat bites you but does no damage.
You clumsily bash the rat but do no damage.
The bat hits you.
* * * LOW HITPOINT WARNING * * *
The bat hits you but does no damage. The rat bites you.
* * * LOW HITPOINT WARNING * * *
The bat misses you. The rat bites you.
* * * LOW HITPOINT WARNING * * *
You clumsily bash the rat but do no damage.
The bat hits you.
You die...

. ## #. .# ..
.#########.# #
.........#.#
####.##.#
≈.....#<.#.##
#@r..$...
≈≈≈...##.#..#
#b#####..
≈≈≈≈≈.....[.# #.#
≈≈≈≈≈≈≈.....# #.#
≈≈≈≈≈≈≈≈...#####.#
≈≈≈≈≈≈≈≈≈........#
≈≈≈≈≈≈≈≈≈...######
≈≈≈≈≈≈≈≈≈≈..#
≈≈≈≈≈≈≈≈≈≈..#


You could see a bat and a rat.

Vanquished Creatures
  A rat (D:1)
1 creature vanquished.

Notes
Turn   | Place    | Note
-------+----------+-------------------------------------------
     0 | D:1      | enile the Hill Orc Wanderer began the quest for the Orb.
     0 | D:1      | enile set off with the following items: a +3 hunting sling,
                  | 18 sling bullets, a +0 spear, a +0 robe
     0 | D:1      | Reached XP level 1. HP: 19/19 MP: 2/2
     0 | D:1      | Upgraded the game from 0.28-a0-1382-g92835e5c71 to
                  | 0.28-a0-1387-g3a22ab9bdc
    59 | D:1      | Slain by a bat

Illustrated notes

Levels and vault maps discovered:
D:1:      dpeg_arrival_water_altar, layout_loops_ring

Action                   || total
-------------------------++-------
Melee: Hunting sling     ||    25
 Fire: Hunting sling     ||     1
Armor: Robe              ||    27
Dodge: Dodged            ||    35

Table legend: (Time is in decaauts)
 A = Elapsed time spent in this place.
 B = Non-inter-level travel time spent in this place.
 C = Inter-level travel time spent in this place.
 D = Time resting spent in this place.
 E = Time spent auto-exploring this place.
 F = Levels seen in this place.
 G = Mean time per level.
                   A        B        C        D        E       F      G
               +--------+--------+--------+--------+--------+-----+--------+
         Total |     71 |     71 |      0 |      0 |     28 |   1 |   71.0 |
       Dungeon |     71 |     71 |      0 |      0 |     28 |   1 |   71.0 |
               +--------+--------+--------+--------+--------+-----+--------+

Top non-repeatable levels by time:
     D:1: 71 daAuts
